Cogmind - Beta 13 @@@ ROGUE MODE // 2024.04.01 @ 13:33:23 Player: Sixten Result: Self-destructed Performance ------------- Evolutions (1) 500 Regions Visited (2) 400 Robots Destroyed (20) 100 Value Destroyed (506) 506 Prototype IDs (0) 0 Alien Tech Used (0) 0 Bonus (0) 0 TOTAL SCORE: 1506 Bonus ------- None Cogmind --------- Core Integrity 89/400 Matter 31/300 Energy 100/100 System Corruption 0% Temperature Cool (0) Movement Core (500) Ox9 Location -9/Materials Parts ------- > --- POWER (1) -------- (None) > --- PROPULSION (4) --- Aluminum Leg > --- UTILITY (2) ------ Small Storage Unit Large Storage Unit > --- WEAPON (2) ------- Grenade Launcher > --- INVENTORY (15) --- Light Nuclear Core Compact Wheel Compact Wheel EM Pulse Gun Small Laser Particle Gun Light Assault Rifle Peak State ------------ > --- POWER ------------ Light Ion Engine > --- PROPULSION ------- Aluminum Leg > --- UTILITY ---------- Small Storage Unit Large Storage Unit > --- WEAPON ----------- Rocket Launcher Rocket Launcher > --- INVENTORY -------- Light Nuclear Core EM Pulse Gun Small Laser Particle Gun Light Assault Rifle Grenade Launcher Grenade Launcher [Rating: 9] Favorites ----------- Power Light Ion Engine Engine Light Ion Engine Propulsion Aluminum Leg Leg Aluminum Leg Wheel Compact Wheel Utility Large Storage Unit Storage Large Storage Unit Weapon Light Assault Rifle Ballistic Gun Light Assault Rifle Launcher Rocket Launcher Build | -11 -10 -9 ------- Run | Yrd Mat Mat Slots Evolved 2 | . . 2 Power . | . . . Propulsion 2 | . . 2 Utility . | . . . Weapon . | . . . Parts Attached 20 | 5 4 11 Power 2 | 1 . 1 Engine 2 | 1 . 1 Core . | . . . Reactor . | . . . Propulsion 7 | 2 2 3 Treads . | . . . Leg 6 | 2 2 2 Wheel 1 | . . 1 Hover . | . . . Flight . | . . . Utility 2 | . 2 . Device . | . . . Storage 2 | . 2 . Processor . | . . . Hackware . | . . . Protection . | . . . Artifact . | . . . Weapon 9 | 2 . 7 Energy Gun . | . . . Energy Cannon . | . . . Ballistic Gun 3 | 2 . 1 Ballistic Cannon . | . . . Launcher 6 | . . 6 Special Weapon . | . . . Impact Weapon . | . . . Slashing Weapon . | . . . Piercing Weapon . | . . . Special Melee Weapon . | . . . Unidentified Prototypes . | . . . Parts Lost 12 | . 2 10 Power 2 | . 1 1 Propulsion 5 | . 1 4 Utility . | . . . Weapon 5 | . . 5 Highest Loss Streak 4 | . 1 4 To Critical Strikes . | . . . Average Slot Usage (%) 69 | . 83 55 Engine 7 | . 12 2 Leg 19 | . 27 11 Storage 18 | . 14 22 Ballistic Gun 15 | . 28 2 Launcher 8 | . . 16 Naked Turns . | . . . Heaviest Build 36 | 5 27 36 Greatest Support 20 | 20 20 20 Greatest Overweight (x) 11 | . 2 11 Average Overweight (x) 1 | . . 2 Largest Inventory Capacity 15 | 5 15 15 Average Capacity 14 | 5 14 15 Most Carried 9 | 2 8 9 Average Carried 6 | 1 5 7 Final Capacity 15 | 5 15 15 Final Carried 7 | 2 6 7 Class Distribution -------------------- 100% | Mutant Dominant Class ---------------- Mutant | -10/Materials Mutant | -9/Materials Resources | -11 -10 -9 ----------- Run | Yrd Mat Mat Matter Collected 382 | 250 61 71 Remotely . | . . . Salvage Created 479 | . 234 245 Parts 27 | . 13 14 Haulers Intercepted 1 | . . 1 Recyclers Shooed . | . . . Parts Field Recycled . | . . . Retrieved Matter . | . . . Parts Self-Destructed . | . . . Prevented . | . . . Kills | -11 -10 -9 ------- Run | Yrd Mat Mat Combat Hostiles Destroyed 14 | . 6 8 Guns 6 | . 6 . AOE 8 | . . 8 Classes Destroyed 9 | . 1 8 Worker 1 | . . 1 Builder 2 | . . 2 Hauler 1 | . . 1 Recycler 1 | . . 1 Watcher 1 | . . 1 Swarmer 3 | . . 3 Grunt 9 | . 6 3 Duelist 1 | . . 1 Sentry 1 | . . 1 Best Kill Streak 6 | . 2 6 Combat Bots Only 4 | . 2 4 Max Kills in Single Turn 4 | . 1 4 Gunslinging . | . . . Exploded 2 | . . 2 Melee . | . . . Uniques/NPCs Destroyed . | . . . Combat | -11 -10 -9 -------- Run | Yrd Mat Mat Hostile Shots Fired 141 | . 36 105 Missed 59 | . 13 46 Damage Taken 1416 | . 458 958 Core 454 | . 143 311 Absorbed by Shields . | . . . Core Remaining (%) 71 | 100 42 . Volleys Fired 46 | . 27 19 Largest 2 | . 2 2 Hottest 66 | . 40 66 Shots Fired 81 | . 54 27 Gun 57 | . 54 3 Cannon . | . . . Launcher 24 | . . 24 Special . | . . . Kinetic 57 | . 54 3 Thermal . | . . . Explosive 24 | . . 24 Electromagnetic . | . . . Robot Hit Streak 5 | . 5 5 Robot Miss Streak 6 | . 6 1 Penetration Max . | . . . Secondary Targets . | . . . Shots Hit Robots 45 | . 36 9 Core Hits 46 | . 18 28 Critical Kills . | . . . Critical Parts Destroyed 1 | . 1 . Critical Strikes 1 | . 1 . Destroy 1 | . 1 . Melee Attacks . | . . . Impact . | . . . Slashing . | . . . Piercing . | . . . Sneak Attacks . | . . . Combat Hostiles . | . . . Follow-up Attacks . | . . . Damage Inflicted 1479 | . 283 1196 Guns 295 | . 282 13 Cannons . | . . . Explosions 1180 | . . 1180 Melee . | . . . Ramming 4 | . 1 3 Kinetic 295 | . 282 13 Thermal . | . . . Explosive 1180 | . . 1180 Electromagnetic . | . . . Impact . | . . . Slashing . | . . . Piercing . | . . . Highest Corruption . | . . . Average Corruption . | . . . Corruption Purged . | . . . Corruption Blocked . | . . . Overload Shots . | . . . Overflow Damage 14 | . . 14 Projectiles . | . . . Explosions 14 | . . 14 Melee . | . . . Knockbacks . | . . . Impact . | . . . Kinetic . | . . . Secondary . | . . . Self-Inflicted Damage 40 | . . 40 Shots 1 | . . 1 Rammed . | . . . Targets Rammed 2 | . 1 1 Kicked 2 | . 1 1 Crushed . | . . . Highest Temperature 21 | . 12 21 Average Temperature 7 | . 7 8 Received Heat Transfer 408 | . 147 261 Siege Activations . | . . . Robots Corrupted . | . . . Combat Hostiles . | . . . Parts Fried . | . . . Impact Corruptions . | . . . Robots Melted . | . . . Combat Hostiles . | . . . Parts Melted . | . . . Heat Transferred . | . . . Parts Sabotaged . | . . . Parts Stolen . | . . . Parts Stripped . | . . . Power Chain Reactions . | . . . Alert | -11 -10 -9 ------- Run | Yrd Mat Mat Peak Influence 244 | . 120 244 Initial 22 | . . 22 Average 61 | . 40 90 Maximum Alert Level 1 | . . 1 Low Security (%) 90 | 100 100 80 Level 1 9 | . . 19 Level 2 . | . . . Level 3 . | . . . Level 4 . | . . . Level 5 . | . . . High Security . | . . . Max Security . | . . . Squads Dispatched 2 | . 1 1 Investigation . | . . . Extermination . | . . . Reinforcement 2 | . 1 1 Assault . | . . . Garrison . | . . . Intercept . | . . . Searches Triggered . | . . . Construction Impeded 1 | . . 1 Haulers Reinforced . | . . . Active Scanning Responses . | . . . Cargo Convoy Interrupts . | . . . Stealth | -11 -10 -9 --------- Run | Yrd Mat Mat Distress Signals 3 | . 1 2 Communications Jammed . | . . . Distress Signals . | . . . Times Spotted 24 | . 11 13 Peak Tracking Total 4 | . 3 4 Tactical Retreats . | . . . Traps | -11 -10 -9 ------- Run | Yrd Mat Mat Traps Triggered . | . . . Indirectly . | . . . Trap Hack Attempts . | . . . Triggered . | . . . Disarmed . | . . . Reprogrammed . | . . . Reused . | . . . Traps Extracted . | . . . Installed . | . . . Triggered . | . . . Machines | -11 -10 -9 ---------- Run | Yrd Mat Mat Machines Disabled 3 | . . 3 Max in Single Turn 1 | . . 1 Machines Repaired . | . . . Machines Dismantled . | . . . Machines Sabotaged . | . . . Overloaded Fab Kills . | . . . Hacking | -11 -10 -9 --------- Run | Yrd Mat Mat Machines Accessed . | . . . Terminals . | . . . Fabricators . | . . . Repair Stations . | . . . Recycling Units . | . . . Scanalyzers . | . . . Garrison Access . | . . . Total Hacks . | . . . Successful . | . . . Failed . | . . . Catastrophic . | . . . Database Lockouts . | . . . Manual . | . . . Terminals . | . . . Fabricators . | . . . Repair Stations . | . . . Recycling Units . | . . . Scanalyzers . | . . . Garrison Access . | . . . Terminal Hacks . | . . . Fabricator Hacks . | . . . Repair Station Hacks . | . . . Recycling Unit Hacks . | . . . Scanalyzer . | . . . Garrison Access Hacks . | . . . Unauthorized Hacks . | . . . Terminals . | . . . Fabricators . | . . . Repair Stations . | . . . Recycling Units . | . . . Scanalyzers . | . . . Garrison Access . | . . . Data Cores Recovered . | . . . Used . | . . . Hacking Detections . | . . . Full Trace Events . | . . . Feedback Events . | . . . Feedback Blocked . | . . . Robot Schematics Acquired . | . . . Robots Built . | . . . Authchips . | . . . Time . | . . . Total Robot Build Rating . | . . . Part Schematics Acquired . | . . . Parts Built . | . . . Authchips . | . . . Time . | . . . Total Part Build Rating . | . . . Parts Repaired . | . . . Time . | . . . Parts Recycled . | . . . Recycled Matter . | . . . Retrieved Matter . | . . . Retrieved Components . | . . . Parts Scanalyzed . | . . . Part Schematics Acquired . | . . . Parts Damaged . | . . . Bothacking | -11 -10 -9 ------------ Run | Yrd Mat Mat Used RIF Installer . | . . . Robots Hacked . | . . . Non-combat . | . . . Combat . | . . . Robot Hacks Applied . | . . . Relay Couplers Released . | . . . Fabnet Peak Effective % . | . . . Robots Rewired . | . . . Allies Hacked . | . . . Hacks Repelled . | . . . Allies | -11 -10 -9 -------- Run | Yrd Mat Mat Total Allies . | . . . Largest Group . | . . . Highest-Rated Group . | . . . Highest-Rated Ally . | . . . Total Orders . | . . . Ally Attacks . | . . . Total Damage . | . . . Kills . | . . . Allies Corrupted . | . . . Allies Melted . | . . . Intel | -11 -10 -9 ------- Run | Yrd Mat Mat Robot Analysis Total . | . . . Derelict Logs Recovered . | . . . Drone Launches . | . . . Drone Recoveries . | . . . Exploration | -11 -10 -9 ------------- Run | Yrd Mat Mat Turns Passed 1396 | 78 654 664 Spaces Moved 576 | 65 299 212 Core 24 | 12 . 12 Treads . | . . . Legs 521 | 53 299 169 Wheels 31 | . . 31 Hover . | . . . Flight . | . . . Fastest Speed 50 | 50 120 115 Average Speed 213 | 107 189 279 Slowest Speed 600 | 120 260 600 Overloaded Moves . | . . . Propulsion Burnouts . | . . . Robots Hopped . | . . . Cave-ins Triggered . | . . . Exploration Rate (%) 28 | 3 51 30 Regions Visited 2 Branch Regions . Pre-discovered Areas . | . . . Known Exits Taken . | . . . Unknown Exits Taken 2 | 1 1 . Scrap Searched . | . . . Spaces Dug . | . . . Terrain Destroyed 65 | . . 65 Melee . | . . . Projectile . | . . . AOE 65 | . . 65 Terrain Rammed . | . . . Walls Destroyed . | . . . Machines Disabled . | . . . Actions | -11 -10 -9 --------- Run | Yrd Mat Mat Total 665 | 71 343 251 Wait 8 | . 8 . Move 574 | 64 298 212 Hop . | . . . Pick Up 15 | 2 5 8 Fast Attach 8 | 5 1 2 Attach 9 | . 2 7 Detach . | . . . Swap 3 | . 1 2 Drop . | . . . Fire 46 | . 27 19 Melee . | . . . Ram . | . . . Kick 2 | . 1 1 Crush . | . . . Escape Stasis . | . . . Rewire . | . . . Trap . | . . . Miscellaneous . | . . . Route ------- -11/Scrapyard -10/Materials (discovered 2 exits: [*Mat] / [*Min]) -9/Materials History --------- Turn | Location | Event 9 | -11/Scrapyard | Discovered new exit (range 15) 79 | -11/Scrapyard | Entered Materials 318 | -10/Materials | Build established: Mutant 428 | -10/Materials | Discovered new exit (range 14) 674 | -10/Materials | Core integrity fell below 50% 720 | -10/Materials | Discovered new exit (range 4) 733 | -10/Materials | Entered another Materials area 733 | -9/Materials | Evolved 2 slots: Propulsion x2 870 | -9/Materials | Lost 4 parts (2n2w) 1210 | -9/Materials | Core integrity fell below 50% 1397 | -9/Materials | Self-destructed Last Messages --------------- 01375_ U-05 Engineer builds a Wall. 01375_ K-01 Serf cleans the Matter Pump. 01380_ U-05 Engineer lays Concrete. 01380_ K-01 Serf cleans the Matter Pump. 01381_ U-05 Engineer lays Concrete. 01381_ K-01 Serf cleans the Matter Pump. 01382_ U-05 Engineer lays Concrete. 01382_ U-05 Engineer builds a Wall. 01383_ U-05 Engineer lays Concrete. 01383_ K-01 Serf cleans the Matter Pump. 01384_ U-05 Engineer lays Concrete. 01385_ K-01 Serf cleans the Matter Pump. 01385_ U-05 Engineer lays Concrete. 01388_ U-05 Engineer builds a Door. 01388_ R-06 Scavenger collects Imp. Hover Unit. 01389_ K-01 Serf cleans the Matter Pump. 01390_ U-05 Engineer lays Concrete. 01392_ Lgt. Ion Engine destroyed. 01393_ K-01 Serf collects debris. 01395_ U-05 Engineer lays Concrete. Map ----- +----------------------------------------------------+ | ?????????????????????????????????????????????????? | | ?????????????????????????????????????????????????? | | ?????????????????????????????????????????????????? | | ?????????????????????????????????????????????????? | | ?????????????????????????????????????????????????? | | ?????????????????????????????????????????????????? | | ?????????????????????????????????????????????????? | | ?????????????????????????????????????????????????? | | ?????????????????????????????????????????????????? | | ?????????????????????????????????????????????????? | | ?????????????????????????????????????????????????? | | ?????????????????????????????????????????????????? | | ?????????????????????????????????????????????????? | | ?????????????????????????????????????????????????? | | ?????????????????????????????????????????????????? | | ?????????????????????????????????????????????????? | | ??????????????????????######?????????????????????? | | ??????????????????????# #????##??????????????? | | ??????????????????????# ? ?????????????? | | ??????????????????????+ ??????????????? | | ??????????????????????# ???????????????? | | ??????????????????????# """ """???????????????? | | ??????????????????????# """ """ ??????????????? | | ??????????????????????# """ """ #????????????? | | ??????????????????????# k #????????????? | | ?????????????""???? ??# @ #????????????? | | ????????????""" """ ??# """ """ #????????????? | | ??????????? """ """ ??# """ """ ?#? ??????????? | | ??????????? ??# """ """ + ??????????? | | ?????????? ??# #????????????? | | ???????????? ??# k #????????????? | | ????????????? ###a """ """ #????????????? | | ?????????######+#### Y """ """ ??????????????? | | ???????? g """ ^""" ??????????? | | ???????? ?????????? | | ???????? ?????????? | | ??????????####### """ ^""" "??????????? | | ????????????# r""" """ "??????????? | | ????????????#] u "" """ ????????????? | | ????????????# ?????????????? | | ????????????# r ????????????? | | ????????????# #%#### ########??????????? | | ????????????# " = # # #??????????? | | ????????????# T = # + "#??????????? | | ????????????# " # = # %# ""???????????? | | ????????????# # # # ""#??????????? | | ????????????###### # # #??????????? | | ????????????????# # #! #??????????? | | ????????????????######### = ######???????????? | | ???????????????????????## ##????????????????? | +----------------------------------------------------+ Best States ------------- Heat Dissipation 28 Energy Generation 10 Energy Capacity 125 Matter Stores 300 Matter Capacity 300 Sight Range 16 Terrain Scan Density 10 Evasion (%) 55 Item Schematics ----------------- None Robot Schematics ------------------ None Fabricated ------------ Nothing Alien Tech Used ----------------- None Achievements -------------- None Challenges ------------ None Game ------ Seed GuidancePhysicsExoskeleton Manual? 0 Play Time 00:08:25 Cumulative 9.3 hours Start 2024.04.01 @ 13:25:09 End 2024.04.01 @ 13:33:23 Sessions 1 Manual Loads 0 Difficulty Rogue Special Mode None Game No. 42 Rogue 42 Adventurer 0 Explorer 0 Win Type - Total 0 Types 0/0/0/0/0/0/0/0/0 Lore% 9 Gallery% 12 Achievement% 13 Wizard Run 0 Options --------- Layout 1 ASCII 0 Keyboard 1 Movement Arrows Keybinds 0 Fullscreen 1 Font 24/Smallcaps Map View 50x35 Zoom Use 0% Tactical HUD 1 Map Filters NONE Filters NONE Steam 1 RUN: 045ebca1-cfa2-4be6-b7e2-1e2d8afc5163